 Dungeon Crawl Stone Soup version 0.29.1-12-g30fa7ad0bf (webtiles) character file.

Game seed: 17653310621896833308

61 javelincjr the Chopper (level 3, -9/27 HPs)
             Began as a Demonspawn Gladiator on Jan 9, 2023.
             Killed by divine providence
             ... invoked by an orc priest
              (13 damage)
             ... on level 3 of the Dungeon.
             The game lasted 00:04:31 (2048 turns).

javelincjr the Chopper (Demonspawn Gladiator)       Turns: 2048, Time: 00:04:32

Health: -9/27      AC:  3    Str: 14    XL:     3   Next: 83%
Magic:  3/3        EV: 12    Int:  9    God:
Gold:   131        SH:  0    Dex: 16    Spells: 1/2 levels left

rFire   x . .      SeeInvis .   j - +2 dagger (venom)
rCold   + . .      Faith    .   (no shield)
rNeg    . . .      Spirit   .   b - +0 leather armour
rPois   .          Reflect  .   (helmet restricted)
rElec   .          Harm     .   (no cloak)
rCorr   .          Rampage  .   (no gloves)
Will    .....                   (no boots)
Stlth   +.........              (no amulet)
HPRegen 0.09/turn               f - ring of ice
MPRegen 0.08/turn               (no ring)

@: no status effects
A: antennae 1, demonic guardian 1
a: no special abilities


You were on level 3 of the Dungeon.
You visited 1 branch of the dungeon, and saw 3 of its levels.

You collected 131 gold pieces.

Inventory:

Hand Weapons
 a - a +0 war axe
 h - a +1 vorpal spear
 j - a +2 dagger of venom (weapon)
Missiles
 d - 3 throwing nets (quivered)
 e - a javelin
 u - 5 poisoned darts
Armour
 b - a +0 leather armour (worn)
 c - a +0 helmet
Magical Staves
 q - a staff of air
 w - a staff of death
Jewellery
 f - a ring of ice (left hand)
Scrolls
 k - a scroll of immolation {unknown}
 m - a scroll of identify {unknown}
 o - a scroll of vulnerability {unknown}
 p - a scroll of summoning {unknown}
 r - a scroll of noise {unknown}
 s - a scroll of blinking {unknown}
Potions
 g - a potion of berserk rage {unknown}
 i - a potion of ambrosia {unknown}
 l - a potion of haste {unknown}
 n - a potion of mutation {unknown}
 t - 3 potions of curing {unknown}
 v - a potion of flight {unknown}


   Skills:
 + Level 2.2 Fighting
 + Level 0.4 Short Blades
 + Level 3.3 Axes
 + Level 0.1(2.0) Polearms
 + Level 1.9 Throwing
 + Level 0.9 Armour
 + Level 3.2 Dodging
 + Level 0.2 Stealth


You had one spell level left.
You knew the following spells:

 Your Spells              Type           Power      Damage    Failure   Level
a - Magic Dart            Conj           0%         1d3       45%         1

Your spell library contained the following spells:

 Spells                   Type           Power      Damage    Failure   Level


Dungeon Overview and Level Annotations

Branches:
Dungeon (3/15)

Altars:


Innate Abilities, Weirdness & Mutations

You have a pair of small antennae on your head.
A weak demonic guardian rushes to your aid.


Message History

The orc is severely wounded.
The orc priest looks braver for a moment.
The orc misses you.
You bump into the rock wall.
The orc wizard casts a spell.
The orc wizard flickers and vanishes!
The orc hits you with a +0 flail!
You bump into the rock wall.
You feel less confused. The orc barely misses you.
You hit the orc.
You kill the orc!
You closely miss something. Something hits you but does no damage.
The orc priest looks encouraged for a moment.
You miss something. Something hits you but does no damage.
You hear some strange, mumbled words.
A puff of flame appears from out of thin air!
The puff of flame hits something!
You swap places.
Something hits your iron imp.
Your iron imp hits something.
Reactivating autopickup.
You feel a bit more experienced.
Your iron imp hits the orc priest.
The orc priest barely misses your iron imp.
Your iron imp disappears in a puff of smoke!
You see here a +0 dagger.
The orc priest looks braver for a moment.
The orc priest calls down the wrath of Beogh upon you.
Beogh smites you!
* * * LOW HITPOINT WARNING * * *
A demonic guardian appears!
The orc priest hits your shadow imp with a +3 vorpal falchion.
Your shadow imp hits the orc priest.
The orc priest hits your shadow imp with a +3 vorpal falchion!
Your shadow imp dies!
Your shadow imp disappears in a puff of smoke!
The orc priest miscasts a cantrip.
You closely miss the orc priest.
The orc priest is severely wounded.
The orc priest calls down the wrath of Beogh upon you.
Beogh smites you!
You die...

#.####.#.#
.......#.# ####
#......#.#
##....#####......#.#
.....oKo.Ko......#.#
##....#####)####.#.#
#... #.....{K.# #.#
#.. #.###({#o# #.#
#. #.#...†#@# #.# #
#.#.#..#.# #.#
#.#.#..#.# #.#
#.#.#..#.# #.#
######†#.#..#.# #.#
...........>.#.# #.#
#####.....##.#.# #.#
#...#.#.##.#.#.#.#
#.###.#.. .#.#.#.#


You could see an orc priest and a kobold.

Vanquished Creatures
  An adder (D:2)
  2 dart slugs (D:1)
  An orc (D:3)
  2 bats (D:1)
  6 endoplasms
  2 giant cockroaches (D:1)
  4 goblins (D:1)
  4 hobgoblins
  3 kobolds
  2 quokkas
  3 ball pythons
  A frilled lizard (D:1)
  2 rats
33 creatures vanquished.

Vanquished Creatures (collateral kills)
  An orc wizard (D:3)
  A worm (D:3)
  A kobold (D:2)
  A rat (D:3)
4 creatures vanquished.

Vanquished Creatures (others)
  2 fungi (D:2)
  4 plants (D:2)
6 creatures vanquished.

Grand Total: 43 creatures vanquished

Notes
Turn   | Place    | Note
-------+----------+-------------------------------------------
     0 | D:1      | javelincjr the Demonspawn Gladiator began the quest for the
                  | Orb.
     0 | D:1      | Reached XP level 1. HP: 16/16 MP: 1/1
   364 | D:1      | Gained mutation: A weak demonic guardian rushes to your
                  | aid. [demonic ancestry]
   364 | D:1      | Reached XP level 2. HP: 18/22 MP: 2/2
  1184 | D:2      | Discovered your monstrous ancestry.
  1184 | D:2      | Gained mutation: You have a pair of small antennae on your
                  | head. [demonic ancestry]
  1184 | D:2      | Reached XP level 3. HP: 24/27 MP: 3/3
  1716 | D:2      | Found a faded altar of an unknown god.
  1724 | D:2      | Got Plato's Almanac of Confrontation
  1727 | D:2      | Learned a level 1 spell: Magic Dart
  2048 | D:3      | Killed from afar by an orc priest

Illustrated notes

Levels and vault maps discovered:
D:1:      heliophobic_arrival_dark_side_of_the_moon, layout_basic
D:2:      layout_loops_ring, shapermc_ecumenical_altar_rom_forum, corexii_shack,
          kennysheep_generic_room_4
D:3:      layout_basic, grunt_temple_overflow_open

Skill      XL: |  1  2 |
---------------+-------+-----
Axes           | 3 |  3.3
Dodging        | 3 |  3.2
Fighting       | |  2.2
Short Blades   | |  0.4
Polearms       | |  0.1
Throwing       | |  1.9
Armour         | |  0.9
Stealth        | |  0.2

Action                   || total
-------------------------++-------
Melee: War axe           ||    22
       Spear             ||     4
       Dagger            ||    84
 Stab: Sleeping          ||     1
Armor: Leather armour    ||    27
Dodge: Dodged            ||    50
